Cogmind - Beta 15 @@@ ROGUE MODE // 2025.10.08 @ 08:28:34 Player: Blue Cog Result: Self-destructed Performance ------------- Evolutions (2) 1000 Regions Visited (5) 1000 Robots Destroyed (20) 100 Value Destroyed (387) 387 Prototype IDs (4) 80 Alien Tech Used (0) 0 Bonus (76) 76 TOTAL SCORE: 2643 Bonus ------- Follower Combat Kills 76 Cogmind --------- Core Integrity 478/550 Matter 290/300 Energy 250/250 System Corruption 0% Temperature Cool (0) Movement Treading (160) Location -8/Materials Parts ------- > --- POWER (1) -------- Ion Engine > --- PROPULSION (3) --- Light Treads Light Treads Light Treads > --- UTILITY (4) ------ Heat Sink Large Storage Unit Structural Scanner Core Shielding > --- WEAPON (3) ------- Advanced Beam Rifle Assault Rifle Heavy Assault Rifle > --- INVENTORY (15) --- Light Ion Engine Light Ion Engine Light Treads Light Treads Light Treads Improved Flight Unit Cryofiber Web Small Storage Unit Large Storage Unit High-capacity Matter Pod (200) Makeshift Sensor Array Advanced Beam Rifle Assault Rifle Light Assault Rifle Mining Claw Peak State ------------ > --- POWER ------------ Ion Engine > --- PROPULSION ------- Light Treads Light Treads Light Treads > --- UTILITY ---------- Heat Sink Improved Heat Sink Large Storage Unit Core Shielding > --- WEAPON ----------- Advanced Beam Rifle Assault Rifle Heavy Assault Rifle > --- INVENTORY -------- Light Ion Engine Light Ion Engine Light Treads Light Treads Light Treads Improved Flight Unit Cryofiber Web Small Storage Unit Large Storage Unit High-capacity Matter Pod Makeshift Sensor Array Advanced Beam Rifle Assault Rifle Light Assault Rifle Mining Claw [Rating: 19] Favorites ----------- Power Ion Engine Engine Ion Engine Propulsion Light Treads Treads Light Treads Wheel Compact Wheel Flight Unit Improved Flight Unit Utility Large Storage Unit Device Seismic Detector Storage Large Storage Unit Protection Core Shielding Weapon Heavy Assault Rifle Energy Gun Beam Rifle Ballistic Gun Heavy Assault Rifle Ballistic Cannon Light Cannon Build | -11 -10 -10 -10 -9 -8 ------- Run | Yrd Mat Min Exi Min Mat Slots Evolved 4 | . . . . . 4 Power . | . . . . . . Propulsion 1 | . . . . . 1 Utility 2 | . . . . . 2 Weapon 1 | . . . . . 1 Parts Attached 30 | 7 4 7 3 1 8 Power 2 | 1 . . . 1 . Engine 2 | 1 . . . 1 . Core . | . . . . . . Reactor . | . . . . . . Propulsion 9 | 2 2 1 2 . 2 Treads 5 | . 2 1 2 . . Leg . | . . . . . . Wheel 2 | 2 . . . . . Hover . | . . . . . . Flight 2 | . . . . . 2 Utility 10 | 2 1 2 1 . 4 Device 4 | 1 . . . . 3 Storage 3 | 1 1 . 1 . . Processor . | . . . . . . Hackware . | . . . . . . Protection 3 | . . 2 . . 1 Artifact . | . . . . . . Weapon 9 | 2 1 4 . . 2 Energy Gun 5 | 1 . 2 . . 2 Energy Cannon . | . . . . . . Ballistic Gun 3 | 1 . 2 . . . Ballistic Cannon 1 | . 1 . . . . Launcher . | . . . . . . Special Weapon . | . . . . . . Impact Weapon . | . . . . . . Slashing Weapon . | . . . . . . Piercing Weapon . | . . . . . . Special Melee Weapon . | . . . . . . Unidentified Prototypes 4 | . . . . . 4 Parts Lost 5 | . 3 . . . 2 Power . | . . . . . . Propulsion 2 | . 1 . . . 1 Utility 1 | . . . . . 1 Weapon 2 | . 2 . . . . Highest Loss Streak 3 | . 3 . . . 2 To Critical Strikes . | . . . . . . Average Backups 10 | 1 6 7 13 15 14 Power 1 | . 1 2 2 2 2 Propulsion 2 | 1 1 1 3 3 2 Utility 3 | . 1 2 3 6 5 Weapon 2 | . 1 2 4 4 3 Tool/Special . | . . . . . . Unused Backups 10 | . . . . . 10 Power 2 | . . . . . 2 Propulsion 2 | . . . . . 2 Utility 3 | . . . . . 3 Weapon 3 | . . . . . 3 Tool/Special . | . . . . . . Average Slot Usage (%) 98 | . 98 99 100 100 89 Engine 13 | . 14 14 14 14 9 Treads 22 | . 2 28 28 28 26 Wheel 5 | . 25 . . . . Device 5 | . 14 8 . . 5 Storage 13 | . 14 14 14 14 9 Protection 9 | . . 6 14 14 14 Energy Gun 13 | . 13 13 14 14 9 Ballistic Gun 12 | . 4 14 14 14 15 Ballistic Cannon 1 | . 8 . . . . Peak Build Rating 19 | 7 8 10 11 11 19 Average Rating 9 | 5 6 8 10 11 15 On Entrance 7 | . 7 5 10 11 11 Naked Turns . | . . . . . . Heaviest Build 38 | 14 31 32 32 32 38 Greatest Support 60 | 32 40 40 40 40 60 Greatest Overweight (x) . | . . . . . . Average Overweight (x) . | . . . . . . Largest Inventory Capacity 15 | 8 15 15 15 15 15 Average Capacity 14 | 7 13 15 15 15 15 Most Carried 15 | 3 9 11 15 15 15 Average Carried 10 | 1 6 7 13 15 14 Final Capacity 15 | 8 15 15 15 15 15 Final Carried 15 | 3 8 11 15 15 15 Class Distribution -------------------- 50% | Mutant 35% | Commander-Mutant 8% | Scavenger-Tank 3% | Scavenger-Mutant Dominant Class ---------------- Mutant | -10/Materials Mutant | -10/Mines Commander-Mutant | -10/Exiles Commander-Mutant | -9/Mines Scavenger-Tank | -8/Materials Resources | -11 -10 -10 -10 -9 -8 ----------- Run | Yrd Mat Min Exi Min Mat Matter Collected 851 | 235 143 60 60 70 283 Remotely . | . . . . . . Salvage Created 596 | 26 190 45 . . 335 Parts 40 | 5 13 6 . . 16 Haulers Intercepted 3 | . 1 . . . 2 Recyclers Shooed . | . . . . . . Parts Field Recycled . | . . . . . . Retrieved Matter . | . . . . . . Parts Self-Destructed . | . . . . . . Prevented . | . . . . . . Kills | -11 -10 -10 -10 -9 -8 ------- Run | Yrd Mat Min Exi Min Mat Combat Hostiles Destroyed 15 | . 6 3 . . 6 Guns 12 | . 3 3 . . 6 Cannons 3 | . 3 . . . . Classes Destroyed 5 | 1 3 . . . 1 Tunneler 1 | 1 . . . . . Hauler 3 | . 1 . . . 2 Watcher 1 | . . . . . 1 Swarmer 9 | . 3 3 . . 3 Grunt 6 | . 3 . . . 3 Best Kill Streak 5 | 1 4 3 . . 5 Combat Bots Only 4 | . 4 3 . . 4 Max Kills in Single Turn 1 | 1 1 1 . . 1 Gunslinging . | . . . . . . Exploded . | . . . . . . Melee . | . . . . . . Uniques/NPCs Destroyed . | . . . . . . Combat | -11 -10 -10 -10 -9 -8 -------- Run | Yrd Mat Min Exi Min Mat Hostile Shots Fired 179 | . 72 19 . . 88 Missed 53 | . 19 3 . . 31 Hits 126 | . 53 16 . . 57 Projectile 126 | . 53 16 . . 57 Critical Strikes 3 | . 2 . . . 1 Damage Taken 1368 | . 555 127 . . 686 Core 311 | . 183 56 . . 72 Absorbed by Shields . | . . . . . . Redirected to Shielding 15 | . . . . . 15 Core Remaining (%) 52 | 100 . . . 4 . Volleys Fired 59 | 1 26 6 . . 26 Largest 3 | 2 2 2 . . 3 Hottest 104 | 70 80 85 . . 104 Shots Fired 143 | 2 52 12 . . 77 Gun 123 | 2 32 12 . . 77 Cannon 20 | . 20 . . . . Launcher . | . . . . . . Special . | . . . . . . Kinetic 84 | 1 26 6 . . 51 Thermal 59 | 1 26 6 . . 26 Explosive . | . . . . . . Electromagnetic . | . . . . . . Robot Hit Streak 6 | 1 6 3 . . 6 Robot Miss Streak 3 | 1 3 2 . . 3 Penetration Max . | . . . . . . Secondary Targets 3 | . . 1 . . 2 Max Gunslinging Chain 1 | . . 1 . . 1 Shots Hit Robots 89 | 1 29 8 . . 51 Core Hits 29 | 1 11 4 . . 13 Critical Kills . | . . . . . . Critical Parts Destroyed . | . . . . . . Critical Strikes 4 | . 1 1 . . 2 Burn 3 | . . 1 . . 2 Blast 1 | . 1 . . . . Melee Attacks . | . . . . . . Impact . | . . . . . . Slashing . | . . . . . . Piercing . | . . . . . . Sneak Attacks . | . . . . . . Combat Hostiles . | . . . . . . Follow-up Attacks . | . . . . . . Damage Inflicted 1414 | 12 448 140 . . 814 Guns 1178 | 12 235 117 . . 814 Cannons 213 | . 213 . . . . Explosions . | . . . . . . Melee . | . . . . . . Ramming 23 | . . 23 . . . Kinetic 757 | . 234 40 . . 483 Thermal 634 | 12 214 77 . . 331 Explosive . | . . . . . . Electromagnetic . | . . . . . . Impact . | . . . . . . Slashing . | . . . . . . Piercing . | . . . . . . Highest Corruption . | . . . . . . Average Corruption . | . . . . . . Corruption Purged . | . . . . . . Corruption Blocked . | . . . . . . Overload Shots . | . . . . . . Overflow Damage . | . . . . . . Projectiles . | . . . . . . Explosions . | . . . . . . Melee . | . . . . . . Knockbacks 5 | . 4 1 . . . Impact 1 | . . 1 . . . Kinetic 3 | . 3 . . . . Secondary 1 | . 1 . . . . Self-Inflicted Damage . | . . . . . . Shots . | . . . . . . Rammed 4 | . . 4 . . . Targets Rammed 4 | . . 4 . . . Kicked . | . . . . . . Crushed . | . . . . . . Highest Temperature 334 | 30 222 184 . . 334 Average Temperature 101 | 18 84 87 . . 129 Received Heat Transfer 471 | . 264 . . . 207 Effects 2 | . 2 . . . . Interference 2 | . 2 . . . . Siege Activations . | . . . . . . Martial Activations . | . . . . . . Shielding Activations . | . . . . . . Robots Disrupted . | . . . . . . Combat Hostiles . | . . . . . . Robots Corrupted . | . . . . . . Combat Hostiles . | . . . . . . Parts Fried . | . . . . . . Impact Corruptions . | . . . . . . Robots Melted . | . . . . . . Combat Hostiles . | . . . . . . Parts Melted 4 | . 1 1 . . 2 Heat Transferred 1739 | 37 629 259 . . 814 Parts Sabotaged . | . . . . . . Parts Stolen . | . . . . . . Parts Stripped . | . . . . . . Power Chain Reactions . | . . . . . . Alert | -11 -10 -10 -10 -9 -8 ------- Run | Yrd Mat Min Exi Min Mat Maximum Alert Level . | . . . . . . Low Security (%) 100 | 100 100 100 . 100 100 Level 1 . | . . . . . . Level 2 . | . . . . . . Level 3 . | . . . . . . Level 4 . | . . . . . . Level 5 . | . . . . . . High Security . | . . . . . . Max Security . | . . . . . . Peak Influence 117 | 5 112 97 . . 117 Initial 27 | . . 27 . . . Average 25 | . 33 19 . . 41 Influence Increases 562 | 5 195 70 . . 292 Destroy 0b10 Robot/C 340 | . 120 60 . . 160 Destroy 0b10 Robot/NC 30 | 5 5 . . . 20 Destroy Leader 70 | . 22 10 . . 38 Allied During Kill 13 | . . . . . 13 Successful Hack 16 | . 16 . . . . Select Force Hacks 60 | . 30 . . . 30 Destroy Structure 3 | . 2 . . . 1 Lose Combat Pursuer 30 | . . . . . 30 Influence Decreases 465 | 5 123 142 . . 195 Entered New Map 45 | . . 45 . . . Time Decay 325 | 5 93 97 . . 130 Lost Part 50 | . 30 . . . 20 Lost Ally 45 | . . . . . 45 Squads Dispatched 2 | . 1 . . . 1 Investigation 2 | . 1 . . . 1 Extermination . | . . . . . . Reinforcement . | . . . . . . Assault . | . . . . . . Garrison . | . . . . . . Intercept . | . . . . . . Searches Triggered . | . . . . . . Construction Impeded . | . . . . . . Haulers Reinforced . | . . . . . . Active Scanning Responses . | . . . . . . Cargo Convoy Interrupts . | . . . . . . Stealth | -11 -10 -10 -10 -9 -8 --------- Run | Yrd Mat Min Exi Min Mat Distress Signals 2 | . 1 . . . 1 Communications Jammed . | . . . . . . Distress Signals . | . . . . . . Times Spotted 33 | . 14 3 . 2 14 Peak Tracking Total 5 | . 5 3 . 1 5 Tactical Retreats 2 | . . . . . 2 Traps | -11 -10 -10 -10 -9 -8 ------- Run | Yrd Mat Min Exi Min Mat Traps Triggered . | . . . . . . Indirectly . | . . . . . . Trap Hack Attempts . | . . . . . . Triggered . | . . . . . . Disarmed . | . . . . . . Reprogrammed . | . . . . . . Reused . | . . . . . . Traps Extracted . | . . . . . . Installed . | . . . . . . Triggered . | . . . . . . Machines | -11 -10 -10 -10 -9 -8 ---------- Run | Yrd Mat Min Exi Min Mat Machines Disabled . | . . . . . . Max in Single Turn . | . . . . . . Machines Repaired . | . . . . . . Machines Dismantled . | . . . . . . Machines Sabotaged . | . . . . . . Overloaded Fab Kills . | . . . . . . Hacking | -11 -10 -10 -10 -9 -8 --------- Run | Yrd Mat Min Exi Min Mat Machines Accessed 4 | . 2 . 1 . 1 Terminals 1 | . 1 . . . . Fabricators . | . . . . . . Repair Stations . | . . . . . . Recycling Units 2 | . 1 . . . 1 Scanalyzers . | . . . . . . Garrison Access . | . . . . . . Total Hacks 7 | . 4 . 1 . 2 Successful 6 | . 3 . 1 . 2 Failed 1 | . 1 . . . . Catastrophic . | . . . . . . Database Lockouts . | . . . . . . Manual 3 | . 2 . . . 1 Terminals 2 | . 2 . . . . Fabricators . | . . . . . . Repair Stations . | . . . . . . Recycling Units 4 | . 2 . . . 2 Scanalyzers . | . . . . . . Garrison Access . | . . . . . . Terminal Hacks 3 | . 2 . 1 . . Record 1 | . . . 1 . . Registered Components 1 | . 1 . . . . Registered Prototypes 1 | . 1 . . . . Fabricator Hacks . | . . . . . . Repair Station Hacks . | . . . . . . Recycling Unit Hacks 1 | . . . . . 1 Retrieve Components 1 | . . . . . 1 Scanalyzer . | . . . . . . Garrison Access Hacks . | . . . . . . Unauthorized Hacks 2 | . 1 . . . 1 Terminals . | . . . . . . Fabricators . | . . . . . . Repair Stations . | . . . . . . Recycling Units 2 | . 1 . . . 1 Tunnel 2 | . 1 . . . 1 Scanalyzers . | . . . . . . Garrison Access . | . . . . . . Data Cores Recovered . | . . . . . . Used . | . . . . . . Hacking Detections 2 | . 1 . . . 1 Full Trace Events . | . . . . . . Feedback Events . | . . . . . . Feedback Blocked . | . . . . . . Robot Schematics Acquired . | . . . . . . Robots Built . | . . . . . . Authchips . | . . . . . . Time . | . . . . . . Total Robot Build Rating . | . . . . . . Part Schematics Acquired . | . . . . . . Parts Built . | . . . . . . Authchips . | . . . . . . Time . | . . . . . . Total Part Build Rating . | . . . . . . Parts Repaired . | . . . . . . Time . | . . . . . . Parts Recycled . | . . . . . . Recycled Matter . | . . . . . . Retrieved Matter . | . . . . . . Retrieved Components 1 | . . . . . 1 Parts Scanalyzed . | . . . . . . Part Schematics Acquired . | . . . . . . Parts Damaged . | . . . . . . Bothacking | -11 -10 -10 -10 -9 -8 ------------ Run | Yrd Mat Min Exi Min Mat Used RIF Installer . | . . . . . . Robots Hacked . | . . . . . . Non-combat . | . . . . . . Combat . | . . . . . . Robot Hacks Applied . | . . . . . . Relay Couplers Released . | . . . . . . Fabnet Peak Effective % . | . . . . . . Robots Rewired 3 | . . . 3 . . Allies Hacked . | . . . . . . Hacks Repelled . | . . . . . . Allies | -11 -10 -10 -10 -9 -8 -------- Run | Yrd Mat Min Exi Min Mat Total Allies 6 | . . 3 3 . . Largest Group 6 | . . 3 6 6 4 Highest-Rated Group 77 | . . 40 77 77 48 Highest-Rated Ally 21 | . . 16 21 21 16 Total Orders . | . . . . . . Ally Attacks 43 | . . 3 . 8 32 Total Damage 497 | . . 16 . 104 377 Kills 4 | . . . . . 4 Allies Corrupted . | . . . . . . Allies Melted . | . . . . . . Intel | -11 -10 -10 -10 -9 -8 ------- Run | Yrd Mat Min Exi Min Mat Active Infowar (turns) 310 | 18 275 . . . 17 Structural 17 | . . . . . 17 Seismic 293 | 18 275 . . . . Robot Analysis Total . | . . . . . . Derelict Logs Recovered 2 | . . 2 . . . Drone Launches . | . . . . . . Drone Recoveries . | . . . . . . Exploration | -11 -10 -10 -10 -9 -8 ------------- Run | Yrd Mat Min Exi Min Mat Turns Passed 1975 | 74 396 484 649 91 281 Spaces Moved 1183 | 60 290 275 398 54 106 Core 4 | 4 . . . . . Treads 848 | . 15 275 398 54 106 Legs . | . . . . . . Wheels 331 | 56 275 . . . . Hover . | . . . . . . Flight . | . . . . . . Fastest Speed 50 | 50 100 160 160 160 160 Average Speed 142 | 96 103 160 160 160 160 Slowest Speed 160 | 100 160 160 160 160 160 Overloaded Moves . | . . . . . . Propulsion Burnouts . | . . . . . . Robots Hopped . | . . . . . . Potential Cave-ins . | . . . . . . Cave-ins Triggered . | . . . . . . Exploration Rate (%) 42 | 4 53 76 86 23 12 Regions Visited 5 Branch Regions 3 Pre-discovered Areas 3 | . 1 . 1 . 1 Known Exits Taken . | . . . . . . Unknown Exits Taken 5 | 1 1 1 1 1 . Scrap Searched 1 | . . 1 . . . Spaces Dug . | . . . . . . Terrain Destroyed . | . . . . . . Melee . | . . . . . . Projectile . | . . . . . . AOE . | . . . . . . Terrain Rammed . | . . . . . . Walls Destroyed . | . . . . . . Machines Disabled . | . . . . . . Actions | -11 -10 -10 -10 -9 -8 --------- Run | Yrd Mat Min Exi Min Mat Total 1335 | 70 335 303 409 59 159 Wait 28 | . 11 10 . 4 3 Move 1178 | 59 289 274 397 53 106 Hop . | . . . . . . Pick Up 17 | 3 5 1 2 . 6 Fast Attach 8 | 7 . . . . 1 Attach 9 | . 1 2 . . 6 Detach . | . . . . . . Swap 21 | . 3 6 3 1 8 Drop 5 | . . . 1 1 3 Fire 59 | 1 26 6 . . 26 Melee . | . . . . . . Ram . | . . . . . . Kick . | . . . . . . Crush 4 | . . 4 . . . Escape Stasis . | . . . . . . Rewire 6 | . . . 6 . . Trap . | . . . . . . Miscellaneous . | . . . . . . Route ------- -11/Scrapyard -10/Materials (discovered 3 exits: [*Mat] / [*Min x2]) -10/Mines (discovered 2 exits: [*Mat] / *Exi) -10/Exiles -9/Mines -8/Materials History --------- Turn | Location | Event 3 | -11/Scrapyard | Discovered new exit (range 15) 75 | -11/Scrapyard | Entered Materials 94 | -10/Materials | Discovered new exit (range 7) 241 | -10/Materials | Discovered new exit (range 7) 270 | -10/Materials | Discovered new exit (range 6) 301 | -10/Materials | Build established: Mutant 439 | -10/Materials | Core integrity fell below 50% 471 | -10/Materials | Entered Mines 475 | -10/Mines | Core integrity fell below 20% 488 | -10/Mines | Lost 3 parts (1n2w) 524 | -10/Mines | Learned Materials emergency access door positions 530 | -10/Mines | Learned Materials emergency access door positions 538 | -10/Mines | Discovered new exit (range 15) 641 | -10/Mines | Assisted by bots powering up and referring to "LRC-V3" 737 | -10/Mines | Joined a pair of Derelicts in attacking an 0b10 outpost 939 | -10/Mines | Deemed a non-threat by the Exiles lab entrance 939 | -10/Mines | Discovered new exit (range 5) 955 | -10/Mines | Entered Exiles 955 | -10/Exiles | Found Exiles lab destroyed 955 | -10/Exiles | Accompanied by 3 allies 1307 | -10/Exiles | Build established: Commander-Mutant 1461 | -10/Exiles | Learned location of Zion (-6) 1583 | -10/Exiles | Discovered new exit (range 10) 1604 | -10/Exiles | Entered Mines 1604 | -9/Mines | Accompanied by 6 allies 1645 | -9/Mines | Assembled infested the area 1650 | -9/Mines | Assisted by a Guerilla fighting off Assembled 1670 | -9/Mines | Discovered new exit (range 13) 1695 | -9/Mines | Entered Materials 1695 | -8/Materials | Accompanied by 4 allies 1695 | -8/Materials | Evolved 4 slots: Propulsion x1, Utility x2, Weapon x1 1890 | -8/Materials | Lost 4 allies 1976 | -8/Materials | Self-destructed Last Messages --------------- 01920_ S-10 Pest destroyed. 01920_ Switching to secondary target: S-10 Pest. 01923_ S-10 Pest destroyed. 01927_ G-47 Trooper suffers critical hit (Burn). 01930_ Imp. Heat Sink melted. 01930_ Lgt. Nuclear Core melted. 01930_ G-47 Trooper destroyed. 01931_ Acquired 51 matter. 01940_ Destroyed Lgt. Ion Engine. 01940_ S-10 Pest destroyed. 01941_ Acquired 13 matter. 01943_ K-01 Serf collects debris. 01944_ Acquired 15 matter. 01945_ K-01 Serf collects debris. 01946_ R-06 Scavenger collects Lgt. Ion Engine. 01947_ K-01 Serf collects debris. 01951_ W-25 Informer destroyed. 01954_ Acquired 27 matter. 01959_ Acquired Structural Scanner. 01976_ Connecting with Terminal... Map ----- +----------------------------------------------------+ | ?????????????????????????????????????# ?# # | | ?????????????????????????????????????######?## ## | | ?????????????????????????????????????????????# ## | | ?????????????????????????????????????????????# ## | | ?????????????????????????????????????????????# ### | | ?????????????????????????????????????????????# #?? | | ?????????????????????????????????????????????# #?? | | ?????????????????????????????????????????????# #?? | | ?????????????????????????????????????????????# #?? | | ?????????????????????????????########?????####+### | | ?????????????????????????????# #?????# # | | ?????????????????????????????# """ #?????# """ # | | ?????????????????????????????# """ #?????# """ # | | ?????????????????????????????#% """ #?????# """ # | | ?????????????????????????????# =% #?????# # | | ?????????????????????????????# =* #?????# [# | | ??????????????????+######+######+#############/### | | ????????????????? = === !=!%=|% | | ????????????????? % =[[ [%%% | | ????????????????? %**!=[[[= | | ??????????????????## #########+#####%#######+### | | ?????????????????????? #######!%= ##%#????? ? | | ?????????????????????? # # ##=#????? """ | | ?????????????????????? # "" # !! ## #???? """ | | ?????????????????????? # T" + !! ## #???? """ | | ?????????????????????? # @"" # ! ## #???# | | ?????????????????????? # # | ## #???#[ | | ?????????????????????? # ##+###### #???####### | | ?????????????????????? + ## ###### ??????????? | | ?????????????????????? # ##??????? ??????????? | | ?????????????????????? ########??????? ??????????? | | ?????????????????????? ###### ??????? ??????????? | | ?????????????????????????????????????? ??????????? | | ?????????????????????????????????????? ??????????? | | ?????????????????????????????????????? ??????????? | | ?????????????????????????????????????????????????? | | ?????????????????????????????????????????????????? | | ?????????????????????????????????????????????????? | | ?????????????????????????????????????????????????? | | ?????????????????????????????????????????????????? | | ?????????????????????????????????????????????????? | | ?????????????????????????????????????????????????? | | ?????????????????????????????????????????????????? | | ?????????????????????????????????????????????????? | | ?????????????????????????????????????????????????? | | ?????????????????????????????????????????????????? | | ?????????????????????????????????????????????????? | | ?????????????????????????????????????????????????? | | ?????????????????????????????????????????????????? | | ?????????????????????????????????????????????????? | +----------------------------------------------------+ Best States ------------- Heat Dissipation 55 Energy Generation 10 Energy Capacity 250 Matter Stores 300 Matter Capacity 300 Sight Range 16 Terrain Scan Density 10 Armor Coverage 150 Core Shielding 20 Weapon Shielding 33 Evasion (%) 40 Recoil Reduction 3 Item Schematics ----------------- None Robot Schematics ------------------ None Fabricated ------------ Nothing Repaired ---------- Nothing Alien Tech Used ----------------- None Achievements -------------- None Challenges ------------ None Game ------ Seed GuidedAdvancedShovel Manual? 0 Play Time 00:15:21 Cumulative 106.1 hours Start 2025.10.05 @ 15:38:08 End 2025.10.08 @ 08:28:34 Sessions 5 Manual Loads 0 Difficulty Rogue Special Mode None Game No. 65 Rogue 65 Adventurer 0 Explorer 0 Win Type - Total 2 Types 1/0/0/1/0/0/0/0/0/0 Lore% 40 Gallery% 49 Achievement% 51 Wizard Run 0 Options --------- Layout 1 ASCII 0 Keyboard 1 Movement Arrows Keybinds 0 Fullscreen 2 Font 24/Smallcaps Map View 50x35 Zoom Use 0% Tactical HUD 1 Map Filters NONE Filters NONE Steam 1 RUN: 7d650093-b902-4f88-9074-33c5d932792c